Map: Dusty Gorge

Players

A.I. 3 (Easy)

  • Race: Zerg Zerg
  • Spawn Location: 11:00

A.I. 2 (Easy)

  • Race: Terran Terran
  • Spawn Location: 9:00

DavidFromWpg - Winner!

  • Race: Zerg Zerg
  • Spawn Location: 5:00

Throwfordays - Winner!

  • Race: Protoss Protoss
  • League: Silver
  • Spawn Location: 3:00

VOD

Have the link to the VOD?

Description

Time

  • Played on: June 9, 2020, 1:56 a.m.
  • Length: 18:08
Show
View Real Time Build Order
Export as new Build Order

A.I. 3 (Easy) Zerg 

Build Orders: Pool First 

Get SALT Encoding   

  12  0:01  Drone  
  13  0:12  Overlord  
  13  0:18  Drone  
  14  0:30  Drone  
  14  0:35  Drone  
  16  0:45  Spawning Pool  
  16  0:47  Extractor  
  16  0:49  Drone  
  15  0:53  Drone  
  16  1:00  Overlord  
  16  1:33  Queen  
  16  1:35  Zergling x2  
  16  1:37  Roach Warren  
  16  1:39  Extractor, Drone  
  18  1:40  Zergling x2  
  18  1:45  Drone  
  20  1:56  Zergling x2  
  21  2:07  Zergling x2  
  22  2:17  Zergling x2  
  23  2:28  Zergling x2  
  24  2:39  Zergling x2  
  24  2:40  Drone, Overlord  
  26  2:45  Zergling x2  
  26  2:51  Drone  
  28  3:01  Drone  
  29  3:12  Drone  
  30  3:16  Drone, Overlord  
  31  3:20  Drone  
  32  5:22  Lair, Roach, Drone, Overlord  
  32  5:26  Drone  
  36  5:40  Drone  
  36  5:41  Roach, Overlord  
  39  5:44  Drone  
  39  6:01  Roach  
  39  6:20  Overseer x2  
  39  6:21  Roach  
  39  6:23  Hydralisk Den  
  39  6:24  Drone  
  40  6:43  Zergling x2  
  37  6:57  Hatchery  
  36  7:01  Hydralisk  
  38  7:14  Overseer  
  38  7:21  Hydralisk  
  40  8:10  Drone  
  41  8:15  Drone  
  41  8:19  Drone  
  43  8:20  Extractor  
  43  8:21  Extractor  
  43  8:23  Drone  
  42  8:28  Drone  
  42  8:32  Drone  
  44  8:36  Drone  
  44  8:40  Drone  
  46  8:45  Drone  
  47  8:49  Drone  
  47  8:53  Drone  
  49  8:58  Drone  
  49  9:02  Drone  
  51  9:06  Drone  
  52  9:10  Drone  
  52  9:12  Overlord  
  52  9:15  Drone  
  54  9:19  Drone  
  54  9:23  Drone  
  56  9:28  Drone  
  57  9:32  Drone  
  57  9:36  Drone  
  59  9:41  Drone  
  59  9:42  Overlord  
  59  9:45  Drone  
  61  10:05  Pneumatized Carapace  
  61  10:06  Overseer  
  61  10:07  Overlord x3, Spire  
  47  11:18  Mutalisk  
  47  11:20  Zerg Flyer Weapons Level 1  
  49  11:38  Mutalisk  
  51  11:57  Mutalisk  
  53  12:16  Mutalisk  
  55  12:36  Mutalisk  
  57  12:55  Mutalisk  
  59  13:06  Hatchery  
  58  13:14  Zerg Flyer Armor Level 1, Mutalisk  
  60  14:19  Drone  
  60  14:24  Drone  
  62  14:28  Drone  
  62  14:29  Extractor  
  62  14:32  Zergling x2, Drone  
  62  14:34  Extractor  
  62  14:37  Drone, Evolution Chamber  
  63  14:41  Drone  
  64  14:45  Drone  
  64  14:47  Corruptor  
  64  14:48  Infestation Pit  
  64  14:50  Drone  
  65  14:54  Drone  
  65  14:58  Drone  
  55  15:03  Corruptor  
  55  15:05  Overseer  
  55  15:06  Overseer  
  57  15:25  Hive  
  57  16:46  Overlord, Hydralisk  
  59  16:53  Queen  
  58  17:00  Evolution Chamber  
  58  17:01  Zergling x2  
  58  17:05  Overlord  
  54  17:10  Drone  
  54  17:15  Drone, Hydralisk  
  42  17:16  Overseer  
  42  17:19  Drone  
  38  17:24  Drone  
  38  17:25  Overlord  
  38  17:29  Drone  
  32  17:33  Drone  
  26  17:43  Overlord  
Show
View Real Time Build Order
Export as new Build Order

A.I. 2 (Easy) Terran 

Build Orders:  

Get SALT Encoding   

  12  0:01  SCV  
  13  0:13  SCV  
  14  0:20  Supply Depot  
  14  0:25  SCV  
  15  0:41  SCV  
  16  0:45  Barracks  
  16  0:47  Refinery  
  16  1:10  Supply Depot  
  16  1:22  Refinery  
  16  1:31  Marine  
  17  1:34  Orbital Command  
  17  1:49  Marine  
  18  1:59  SCV  
  19  2:08  Barracks Tech Lab  
  19  2:11  SCV  
  19  2:14  Supply Depot  
  20  2:23  SCV  
  20  2:26  Marine  
  22  2:35  SCV  
  23  2:45  Marauder  
  23  2:47  SCV  
  26  2:59  SCV  
  27  3:06  Marauder  
  29  5:13  Marine  
  29  5:25  SCV  
  29  5:26  Supply Depot  
  30  5:31  Reaper  
  30  5:32  Factory  
  31  5:37  SCV  
  32  5:49  SCV  
  33  5:52  Supply Depot  
  33  6:03  Marine  
  33  6:12  Command Center  
  33  6:20  Starport  
  33  6:21  Marine  
  34  6:38  Marine  
  30  6:56  Starport Tech Lab  
  30  6:57  Marauder  
  32  7:17  Raven  
  32  7:18  Reaper  
  35  7:24  SCV  
  35  7:29  SCV  
  37  7:36  SCV  
  38  7:37  Refinery  
  38  7:39  Refinery  
  38  7:41  SCV  
  39  7:49  SCV  
  39  7:50  Marauder  
  42  7:53  SCV  
  43  7:59  Raven  
  43  8:01  SCV  
  43  8:05  SCV  
  47  8:11  Marine  
  48  8:13  SCV  
  48  8:17  SCV  
  50  8:25  SCV  
  51  8:29  SCV, Marauder  
  54  8:37  SCV  
  55  8:41  SCV  
  56  8:49  SCV  
  56  8:50  Marine  
  56  8:53  SCV  
  59  9:01  SCV  
  60  9:05  SCV  
  61  9:13  SCV  
  62  9:18  SCV  
  62  9:21  Supply Depot  
  63  9:25  SCV  
  63  9:30  SCV  
  65  9:37  SCV  
  66  9:42  SCV  
  67  10:34  Marine, Medivac  
  70  10:35  Supply Depot  
  70  10:37  Engineering Bay  
  54  10:52  Marine  
  55  10:59  Supply Depot  
  55  11:01  Hellion  
  55  11:03  Raven  
  55  11:05  Terran Infantry Weapons Level 1  
  55  11:10  Marine  
  47  11:25  SCV  
  45  11:28  Marine  
  46  11:37  Hellion  
  48  11:46  Marine, Medivac  
  51  12:04  Marauder  
  53  12:11  Command Center  
  53  12:16  Medivac  
  55  12:25  Marauder  
  57  12:46  Marine, Raven  
  60  12:59  Terran Infantry Armor Level 1  
  60  13:04  Marine  
  61  13:22  Marauder  
  61  13:24  SCV  
  64  13:28  SCV  
  64  13:29  Raven  
  64  13:32  SCV  
  68  13:37  SCV  
  68  13:39  Refinery  
  68  13:41  SCV  
  70  13:42  Refinery  
  70  13:44  Marauder  
  70  13:45  SCV  
  73  13:50  SCV  
  73  13:54  SCV  
  75  13:58  SCV  
  77  14:02  SCV  
  77  14:05  Marine  
  78  14:22  Marine  
  79  14:38  Armory  
  79  14:40  Marine  
  80  14:46  Ghost Academy  
  76  14:57  Medivac  
  76  14:58  Marine  
  61  15:16  Marine  
  61  15:18  SCV  
  61  15:26  Hellion  
  61  15:27  SCV  
  58  15:28  Supply Depot  
  58  15:31  SCV  
  58  15:34  Marauder  
  52  15:39  SCV  
  53  15:43  SCV  
  53  15:48  Hellion  
  55  15:51  SCV  
  55  15:55  Marine, SCV  
  53  16:03  SCV  
  39  16:07  SCV  
  37  16:13  Marine  
  37  16:15  SCV  
  29  16:27  SCV  
  25  16:39  SCV  
  17  17:05  Engineering Bay  
Show
View Real Time Build Order
Export as new Build Order

DavidFromWpg Zerg - Winner!

Build Orders: 1 Base Baneling Bust, Pool First 

Get SALT Encoding   

  12  0:07  Drone  
  13  0:12  Drone  
  14  0:33  Spawning Pool  
  13  0:35  Drone  
  13  0:42  Overlord  
  14  0:47  Overlord  
  14  1:23  Zergling x2  
  14  1:24  Zergling x2  
  16  1:27  Drone  
  17  1:53  Extractor  
  16  2:04  Drone  
  16  2:07  Zergling x2  
  18  2:10  Drone  
  19  2:34  Drone  
  19  2:36  Drone  
  21  3:11  Drone  
  22  3:25  Evolution Chamber  
  21  3:46  Queen  
  23  4:00  Overlord  
  23  4:06  Drone  
  24  5:00  Drone  
  24  5:03  Drone  
  26  5:07  Overlord  
  23  5:27  Drone  
  24  5:46  Baneling Nest  
  23  6:00  Overlord  
  23  6:04  Zergling x2  
  23  6:07  Zergling x2  
  25  7:11  Lair  
  25  7:17  Zergling x2  
  25  7:19  Zergling x2  
  27  7:34  Zergling x2  
  28  7:39  Zergling x2  
  29  7:44  Metabolic Boost  
  29  7:58  Zergling x2  
  30  8:18  Hatchery  
  29  8:29  Zerg Melee Weapons Level 1  
  29  8:44  Hatchery  
  28  9:01  Zergling x2  
  29  9:44  Drone  
  30  9:50  Drone  
  31  10:19  Hydralisk Den  
  30  10:22  Drone  
  30  10:24  Drone  
  30  10:26  Drone  
  25  10:51  Extractor  
  24  10:57  Hydralisk  
  26  11:14  Drone  
  26  11:16  Drone x2  
  29  11:36  Drone  
  30  11:44  Drone  
  31  11:51  Extractor  
  30  12:00  Grooved Spines  
  30  12:25  Drone x3  
  33  12:50  Hydralisk  
  35  12:54  Hydralisk x2  
  39  12:59  Drone x2  
  39  13:00  Drone  
  42  13:11  Muscular Augments  
  42  13:42  Hydralisk x3  
  42  13:48  Hydralisk x2  
  52  14:02  Drone x3  
  55  14:07  Hydralisk x2  
  59  14:28  Extractor  
  58  14:36  Hydralisk x3  
  60  15:12  Infestation Pit  
  59  15:35  Hydralisk x3  
Show
View Real Time Build Order
Export as new Build Order

Throwfordays Protoss - Winner!

Build Orders: 1 Gate Expand 

Get SALT Encoding   

  12  0:01  Probe  
  13  0:13  Probe  
  14  0:23  Pylon  
  14  0:26  Probe  
  15  0:42  Probe (Chrono Boost)  
  16  0:49  Gateway  
  16  0:53  Assimilator  
  16  0:54  Probe (Chrono Boost)  
  17  1:03  Probe (Chrono Boost)  
  18  1:08  Probe  
  19  1:21  Probe  
  20  1:33  Nexus  
  20  1:46  Cybernetics Core  
  20  1:55  Probe  
  20  2:01  Assimilator  
  21  2:07  Probe  
  22  2:17  Warp Gate (Chrono Boost)  
  22  2:20  Probe  
  23  2:29  Nexus  
  23  2:43  Pylon  
  23  2:47  Probe (Chrono Boost)  
  23  2:51  Probe (Chrono Boost)  
  25  2:52  Probe (Chrono Boost)  
  26  3:00  Probe  
  26  3:02  Probe  
  26  3:03  Forge  
  28  3:12  Probe  
  29  3:14  Probe  
  31  3:34  Probe (Chrono Boost)  
  31  3:38  Probe (Chrono Boost)  
  32  3:42  Probe (Chrono Boost)  
  33  3:53  Probe (Chrono Boost)  
  33  3:54  Probe (Chrono Boost)  
  36  3:57  Stalker  
  36  3:59  Probe (Chrono Boost)  
  36  4:01  Robotics Facility  
  38  4:13  Probe  
  39  4:18  Probe  
  39  4:22  Assimilator  
  40  4:25  Assimilator, Probe  
  40  4:27  Probe  
  40  4:30  Probe  
  43  4:37  Probe  
  44  4:38  Pylon  
  44  4:39  Probe  
  44  4:42  Probe  
  46  4:49  Stalker  
  46  4:50  Probe  
  46  4:51  Probe  
  50  4:53  Protoss Ground Weapons Level 1  
  50  4:54  Probe  
  51  5:02  Probe  
  51  5:03  Probe  
  51  5:06  Probe  
  54  5:14  Stalker, Probe  
  55  5:15  Probe  
  55  5:17  Immortal  
  55  5:18  Probe  
  63  5:23  Assimilator  
  63  5:26  Probe  
  63  5:27  Assimilator  
  63  5:28  Probe  
  65  5:31  Probe  
  66  5:38  Probe  
  66  5:40  Gateway, Probe  
  68  5:44  Gateway x2, Probe  
  68  5:48  Pylon  
  69  5:53  Probe  
  69  5:56  Pylon, Probe  
  69  5:58  Pylon  
  69  6:01  Stalker  
  67  6:07  Photon Cannon x2  
  67  6:08  Photon Cannon  
  67  6:09  Photon Cannon  
  61  6:19  Shield Battery  
  61  6:20  Shield Battery  
  61  6:28  Immortal  
  64  6:41  Stalker x3  
  70  6:52  Probe  
  71  7:04  Probe  
  72  7:11  Immortal  
  76  7:16  Probe  
  77  7:29  Probe  
  78  7:30  Probe  
  79  7:44  Stalker x2  
  79  7:45  Stalker  
  79  7:48  Gateway  
  85  7:53  Gateway  
  85  7:54  Gateway  
  85  7:57  Gateway  
  85  7:59  Gateway  
  85  8:03  Pylon  
  85  8:05  Pylon  
  85  8:06  Pylon  
  85  8:08  Pylon  
  85  8:10  Pylon  
  85  8:12  Pylon, Immortal  
  89  8:13  Pylon  
  89  8:14  Pylon  
  89  8:16  Pylon  
  89  8:33  Protoss Ground Armor Level 1  
  89  8:45  Probe  
  90  9:02  Forge  
  90  9:06  Pylon  
  90  9:09  Twilight Council  
  90  9:13  Forge  
  90  9:18  Cybernetics Core  
  90  9:21  Pylon  
  90  9:26  Nexus  
  90  9:29  Assimilator  
  90  9:31  Protoss Air Weapons Level 1  
  90  9:34  Assimilator  
  90  9:37  Pylon  
  90  9:55  Immortal  
  90  9:58  Nexus  
  94  10:03  Nexus  
  94  10:11  Stalker x4  
  94  10:12  Stalker x4  
  110  10:22  Blink  
  110  10:34  Immortal  
  110  11:19  Protoss Ground Weapons Level 2 (Chrono Boost), Protoss Ground Armor Level 2 (Chrono Boost)  
  110  11:23  Protoss Shields Level 1 (Chrono Boost)  
  110  11:46  Protoss Air Armor Level 1  
  110  11:52  Assimilator  
  110  11:56  Assimilator  
  110  12:01  Probe (Chrono Boost)  
  111  12:11  Probe (Chrono Boost)  
  112  12:16  Probe (Chrono Boost)  
  113  12:28  Probe  
  114  12:30  Stalker x5  
  114  12:31  Stalker x3  
  130  12:40  Probe  
  131  12:44  Charge  
  131  13:34  Stalker  
  133  14:46  Resonating Glaives  
  129  16:47  Stalker x2  
  129  16:48  Stalker x6  
Tags
 
Add a new tag
Caveats
  • Supply blocks, unpowered buildings, or Contaminate may cause inaccurate times.
  • Supply counts are checked every 10 seconds.